 Dungeon Crawl Stone Soup version 0.30-a0-568-g124715a40b (webtiles) character file.

Game seed: 13888537825640450173

28 billz999 the Magician (level 3, 0/25 HPs)
             Began as a Djinni Ice Elementalist on Dec 29, 2022.
             Slain by Sigmund
             ... wielding a +0 scythe of flaming
              (8 damage)
             ... on level 2 of the Dungeon.
             The game lasted 00:02:58 (1090 turns).

billz999 the Magician (Djinni Ice Elementalist)     Turns: 1090, Time: 00:02:58

Health: 0/25       AC:  2    Str:  7    XL:     3   Next: 30%
Gold:   128        EV: 12    Int: 18    God:
                   SH:  0    Dex: 13

rFire   + + .      SeeInvis .    c - +0 dagger
rCold   x . .      Faith    .    (no shield)
rNeg    . . .      Spirit   .    a - +0 robe
rPois   ∞          Reflect  .    (no helmet)
rElec   .          Harm     .    (no cloak)
rCorr   .          Rampage  .    (no gloves)
Will    .....                    (boots unavailable)
Stlth   ++                       (no amulet)
HPRegen 0.24/turn                (no ring)
MPRegen 0.00/turn                (no ring)

@: freezing walls, flying
A: sickness immunity, fire resistance 2, cold vulnerability 1, float, innate
caster, HP casting, extra vitality 1
a: no special abilities


You were on level 2 of the Dungeon.
You visited 1 branch of the dungeon, and saw 2 of its levels.

You collected 128 gold pieces.

Inventory:

Hand Weapons
 c - a +0 dagger (weapon)
Armour
 a - a +0 robe (worn)
Scrolls
 d - a scroll of immolation {unknown}
 e - a scroll of fear {unknown}
 f - a scroll of enchant armour {unknown}
 g - a scroll of teleportation
 h - 3 scrolls of identify {unknown}
 j - a scroll of silence {unknown}


   Skills:
 - Level 2.2 Dodging
 - Level 1.6 Stealth
 + Level 3.9 Spellcasting


You couldn't memorise any spells.
You knew the following spells:

 Your Spells              Type           Power      Damage    Failure   Level
a - Freeze                Ice            68%        1d8       3%          1
b - Frozen Ramparts       Ice            34%        1d6       9%          3
c - Ozocubu's Armour      Ice            17%        N/A       9%          3
d - Summon Ice Beast      Ice/Summ       17%        N/A       28%         4
e - Apportation           Tloc           34%        N/A       3%          1
Your spell library was empty.

Dungeon Overview and Level Annotations

Branches:
Dungeon (2/15)

Altars:

Annotations:
D:2 Sigmund


Innate Abilities, Weirdness & Mutations

You are immune to sickness and miasma.
You are immune to poison.
Your flesh is very heat resistant. (rF++)
You are vulnerable to cold. (rC-)
You float through the air rather than walking.
You learn spells naturally, not from books.
Your magical power is your life essence.
You have superior vitality. (+4 MHP)


Message History

Sigmund completely misses you.
Casting: Ozocubu's Armour (quite dangerous; 9% risk of failure)
Confirm with . or Enter, or press ? or * to list all spells.
The spell is quite dangerous to miscast (9% risk of failure)!
Continue anyway?
Okay, then.
Casting: Frozen Ramparts (quite dangerous; 9% risk of failure)
Confirm with . or Enter, or press ? or * to list all spells.
The spell is quite dangerous to miscast (9% risk of failure)!
Continue anyway?
Casting: Frozen Ramparts (quite dangerous; 9% risk of failure)
Press: ? - help, Dir - look around, f - activate The walls around you are covered in ice.
Casting: Frozen Ramparts (quite dangerous; 9% risk of failure)
Confirm with . or Enter, or press ? or * to list all spells.
Aiming: Freeze (safe; 3% risk of failure)
Press: ? - help, Shift-Dir - straight line, f - Sigmund
Aim: Sigmund, wielding a +0 scythe of flaming and wearing a +0 robe You freeze Sigmund.
Sigmund is lightly wounded.
The wall freezes Sigmund.
Sigmund hits you with a +0 scythe of flaming!
Casting: Freeze (safe; 3% risk of failure)
Confirm with . or Enter, or press ? or * to list all spells.
Aiming: Freeze (safe; 3% risk of failure)
Press: ? - help, Shift-Dir - straight line, f/p - Sigmund
Aim: Sigmund, wielding a +0 scythe of flaming and wearing a +0 robe (lightly wounded)
You freeze Sigmund.
Sigmund is moderately wounded.
The wall freezes Sigmund.
Sigmund gestures wildly while chanting.
Sigmund flickers and vanishes!
Deactivating autopickup; reactivate with Ctrl-A.
Casting: Freeze (safe; 3% risk of failure)
Confirm with . or Enter, or press ? or * to list all spells.
Okay, then.
Casting: Freeze (safe; 3% risk of failure)
Confirm with . or Enter, or press ? or * to list all spells.
Aiming: Freeze (safe; 3% risk of failure)
Press: ? - help, Shift-Dir - straight line You freeze something!
The wall freezes something.
Something hits you!
You die...

## ###. .. .....
#..(...#####.###.....
#......#.@...........
#......#{#####.....[.
#......#.#..#...@....
#......#.#..#†# .....
#......#.#..#.#......
#......#.#...<.......
##########........####.@...
#..................@..#+###
#.....................#


There were no monsters in sight!

Vanquished Creatures
  3 dart slugs
  2 bats (D:1)
  An endoplasm (D:2)
  2 goblins (D:1)
  3 hobgoblins (D:1)
  2 quokkas
  3 ball pythons (D:1)
  A ball python zombie (D:2)
  2 frilled lizards (D:1)
  A kobold (D:1)
  2 rats
22 creatures vanquished.

Notes
Turn   | Place    | Note
-------+----------+-------------------------------------------
     0 | D:1      | billz999 the Djinni Ice Elementalist began the quest for
                  | the Orb.
     0 | D:1      | billz999 set off with the following spells memorised:
                  | Freeze, Frozen Ramparts, Ozocubu's Armour, Summon Ice
                  | Beast.
     0 | D:1      | Reached XP level 1. HP: 15/15 MP: 0/0
    91 | D:1      | Reached XP level 2. HP: 15/21 MP: 0/0
   468 | D:1      | Found a faded altar of an unknown god.
   544 | D:1      | Reached XP level 3. HP: 23/25 MP: 0/0
   544 | D:1      | Learned a level 1 spell: Apportation
   977 | D:2      | Noticed Sigmund
  1090 | D:2      | Slain by Sigmund

Illustrated notes

Levels and vault maps discovered:
D:1:      minmay_arrival_glassed_features, layout_loops_ring,
          shapermc_ecumenical_altar_acropolis
D:2:      layout_basic, serial_undead, serial_undead_f, serial_undead_e,
          serial_undead_a, serial_undead_d, serial_shops, shop, uniq_sigmund

Action                   || total
-------------------------++-------
Melee: Dagger            ||     3
 Cast: Freeze            ||    57
       Ozocubu's Armour  ||     3
       Frozen Ramparts   ||     3
  Use: Scroll            ||     1
       Potion            ||     1
 Stab: Sleeping          ||     1
Armor: Robe              ||     8
Dodge: Dodged            ||    32

Table legend: (Time is in decaauts)
 A = Elapsed time spent in this place.
 B = Non-inter-level travel time spent in this place.
 C = Inter-level travel time spent in this place.
 D = Time resting spent in this place.
 E = Time spent auto-exploring this place.
 F = Levels seen in this place.
 G = Mean time per level.
                   A        B        C        D        E       F      G
               +--------+--------+--------+--------+--------+-----+--------+
         Total |   1090 |   1059 |     31 |     96 |    758 |   2 |  545.0 |
       Dungeon |   1090 |   1059 |     31 |     96 |    758 |   2 |  545.0 |
               +--------+--------+--------+--------+--------+-----+--------+

Top non-repeatable levels by time:
     D:1: 797 daAuts
     D:2: 293 daAuts
